 Dungeon Crawl Stone Soup version 0.13-a0-2156-ga9a2eb8 (webtiles) character file.

420 markse the Ruinous (level 6, 0/36 HPs)
             Began as an Octopode Venom Mage on June 30, 2013.
             Slain by a scorpion (8 damage)
             ... on Level 5 of the Dungeon.
             The game lasted 00:17:40 (4132 turns).

markse the Ruinous (Octopode Venom Mage)            Turns: 4132, Time: 00:17:41

HP   0/36        AC  1     Str  8      XL: 6   Next: 46%
MP   5/12        EV 12     Int 18      God:
Gold 100         SH  0     Dex 13      Spells:  3 memorised,  5 levels left

Res.Fire  : . . .   See Invis. : .   (no weapon)
Res.Cold  : . . .   Warding    : .   (no shield)
Life Prot.: . . .   Conserve   : .   (helmet restricted)
Res.Poison: .       Res.Corr.  : .   (no amulet)
Res.Elec. : .       Clarity    : .   (no ring)
Sust.Abil.: . .     Spirit.Shd : .   (no ring)
Res.Mut.  : .       Stasis     : .   (no ring)
Res.Rott. : .       Flight     : .   (no ring)
Saprovore : . . .                    (no ring)
                                     (no ring)
                                     (no ring)
                                     (no ring)

@: slightly resistant to hostile enchantments, quite stealthy
A: almost no armour, amphibious, 8 rings, constrict 8, camouflage 1, AC +1
a: no special abilities


You were on level 5 of the Dungeon.
You were not hungry.

You visited 1 branch of the dungeon, and saw 5 of its levels.

You collected 116 gold pieces.
You spent 36 gold pieces at shops.

Inventory:

Hand weapons
 e - a cursed -1,-1 sling
 w - a cursed +0,-1 flail
Comestibles
 a - 2 meat rations
 A - a rotting chunk of goblin flesh
 B - 2 rotting chunks of orc flesh
Scrolls
 d - a scroll of enchant weapon II
 h - a scroll of fog
 k - 2 scrolls of remove curse
 l - 2 scrolls of teleportation {unknown}
 m - a scroll of curse jewellery {unknown}
 s - a scroll of magic mapping {unknown}
 t - a scroll of curse weapon {unknown}
 u - a scroll of identify {unknown}
Jewellery
 n - an uncursed ring of hunger
 p - a cursed ring of invisibility {unknown}
 y - a +2 ring of strength {unknown}
Potions
 c - a potion of restore abilities {unknown}
 f - 3 potions of curing
 g - a potion of magic {unknown}
 i - a potion of agility {unknown}
 j - 2 potions of cure mutation {unknown}
 o - 3 potions of heal wounds
 q - 2 potions of degeneration {unknown}
 r - a potion of beneficial mutation {unknown}
 v - 2 potions of resistance {unknown}
 x - a potion of invisibility {unknown}
 z - 2 potions of slowing {unknown}
Books
 b - a Young Poisoner's Handbook

   Spells                             Type                      Level
   *Sting                             Conjuration/Poison           1
   *Cure Poison                       Poison                       2
   *Mephitic Cloud                    Conjuration/Poison/Air       3
   Olgreb's Toxic Radiance            Poison                       4
   Venom Bolt                         Conjuration/Poison           5


   Skills:
 - Level 2.0 Dodging
 - Level 2.6 Stealth
 - Level 3.0 Spellcasting
 + Level 5.2 Conjurations
 - Level 5.0 Poison Magic


You had 5 spell levels left.
You knew the following spells:

 Your Spells              Type           Power        Failure   Level  Hunger
a - Sting                 Conj/Pois      ###.         1%          1    None
b - Mephitic Cloud        Conj/Pois/Air  ##......     14%         3    ###....
c - Cure Poison           Pois           ###.......   3%          2    ##.....


Dungeon Overview and Level Annotations

Branches:
Dungeon (5/27)
 Temple: D:4-7

Altars:

Shops:
D:4: !

Annotations
D:4 smajdalf's ghost, average DrCj


Innate Abilities, Weirdness & Mutations

You cannot wear most types of armour.
You are amphibious.
You can wear up to eight rings at the same time.
You can use your tentacles to constrict many enemies at once.
Your skin changes colour to match your surroundings (Stlth).
Your rubbery body absorbs attacks (AC +1).


Message History

The scorpion stings you!
You are poisoned.
The scorpion poisons you!
Sorry, you're not good enough to have a special ability.
There isn't anything here!
Casting: Sting
Confirm with . or Enter, or press ? or * to list all spells.
You feel better. The scorpion stings you.
Casting: Cure Poison
Confirm with . or Enter, or press ? or * to list all spells.
Aiming: Sting
Press: ? - help, Shift-Dir - straight line, f/p - scorpion
Aim: a scorpion (moderately wounded)
The sting hits the scorpion.
The scorpion is poisoned.
The scorpion is moderately wounded.
The scorpion stings you!
* * * LOW HITPOINT WARNING * * *
The scorpion stings you!
You die...

## .#
###.####
#......#
#......#
#......#
#......###
#s.........
#.@....###
#####.## .#
#


You could see a scorpion.

Vanquished Creatures
  An ogre (D:4)
  Sigmund (D:4)
  An orc priest (D:3)
  2 adders (D:2)
  A gnoll (D:2)
  3 giant mites
  2 worms
  A giant gecko (D:2)
  An ooze (D:1)
  6 orcs
  4 ball pythons
  8 bats
  3 giant cockroaches
  9 goblins
  5 hobgoblins
  8 kobolds
  2 quokkas (D:3)
  A giant newt (D:1)
  8 rats
67 creatures vanquished.

Vanquished Creatures (others)
  A jackal (D:3)
1 creature vanquished.

Grand Total: 68 creatures vanquished

Notes
Turn   | Place    | Note
--------------------------------------------------------------
     0 | D:1      | markse, the Octopode Venom Mage, began the quest for the Orb.
     0 | D:1      | Reached XP level 1. HP: 11/11 MP: 3/3
    68 | D:1      | Reached skill level 5 in Poison Magic
   386 | D:1      | Reached XP level 2. HP: 17/17 MP: 0/4
   742 | D:1      | Reached XP level 3. HP: 21/21 MP: 4/6
  1472 | D:1      | Learned a level 3 spell: Mephitic Cloud
  1659 | D:2      | Reached skill level 1 in Conjurations
  1659 | D:2      | Reached XP level 4. HP: 25/27 MP: 5/9
  2573 | D:2      | Reached XP level 5. HP: 3/31 MP: 3/10
  2577 | D:2      | Learned a level 2 spell: Cure Poison
  3370 | D:4      | Noticed smajdalf's ghost (average DrCj)
  3450 | D:4      | Noticed Sigmund
  3572 | D:4      | Killed Sigmund
  3572 | D:4      | Reached XP level 6. HP: 12/36 MP: 3/12
  3836 | D:4      | Found Punilerch's Distillery.
  3843 | D:4      | Bought a potion of heal wounds for 36 gold pieces
  3958 | D:4      | Noticed an ogre
  3974 | D:4      | Killed an ogre
  3974 | D:4      | Reached skill level 5 in Conjurations
  4123 | D:4      | You fall through a shaft!
  4123 | D:5      | Entered Level 5 of the Dungeon
  4132 | D:5      | Slain by a scorpion

Action                   |  1- 3 |  4- 6 || total
-------------------------+-------+-------++-------
Melee: Unarmed           |    10 |     3 ||    13
 Cast: Sting             |    68 |   105 ||   173
       Cure Poison       |       |     2 ||     2
       Mephitic Cloud    |       |     2 ||     2
  Use: Scroll            |       |     3 ||     3
       Potion            |       |     1 ||     1
 Stab: Sleeping          |     1 |       ||     1
